Map: Romanticide LE

Players

maru - Winner!

  • Race: Terran Terran

Neeb

  • Race: Protoss Protoss

Event: ASUS ROG Fall 2021

VOD

Have the link to the VOD?

Description

Time

  • Played on: Sept. 17, 2021, 12:06 p.m.
  • Length: 7:51

All games in this series

Show
View Real Time Build Order
Export as new Build Order

maru Terran - Winner!

Build Orders:  

Get SALT Encoding   

  12  0:00  SCV  
  13  0:12  SCV  
  14  0:17  Supply Depot  
  14  0:25  SCV  
  15  0:38  SCV  
  15  0:40  Barracks  
  16  0:44  Refinery  
  16  0:50  SCV  
  16  0:53  Refinery  
  17  1:02  SCV  
  18  1:14  SCV  
  19  1:27  Reaper, Orbital Command  
  20  1:42  Supply Depot, Factory  
  20  1:54  SCV  
  21  2:06  SCV  
  22  2:18  SCV  
  22  2:21  Command Center  
  23  2:25  Barracks Reactor  
  23  2:30  SCV, Widow Mine  
  23  2:36  Starport  
  26  2:43  SCV  
  27  2:44  Supply Depot  
  27  2:52  Widow Mine  
  27  2:55  SCV  
  30  3:03  Marine  
  31  3:06  Marine  
  31  3:07  SCV  
  33  3:12  Medivac  
  33  3:16  Widow Mine  
  33  3:19  SCV  
  38  3:22  Marine  
  38  3:23  Marine  
  39  3:33  SCV  
  39  3:34  Orbital Command  
  40  3:38  Factory Tech Lab  
  40  3:39  Marine  
  41  3:41  Marine  
  41  3:44  Bunker  
  41  3:45  Starport Tech Lab  
  43  3:48  SCV  
  43  3:54  Barracks  
  43  3:59  SCV  
  43  4:00  Refinery, SCV  
  45  4:03  Raven  
  45  4:07  Supply Depot  
  47  4:12  SCV  
  47  4:16  Siege Tank  
  51  4:18  SCV  
  52  4:25  Engineering Bay  
  52  4:26  SCV  
  52  4:30  SCV  
  52  4:39  SCV  
  52  4:42  Supply Depot  
  53  4:45  Barracks  
  53  4:49  Marine x2  
  53  4:50  Siege Tank  
  53  4:51  SCV  
  53  4:52  Terran Infantry Weapons Level 1  
  59  4:53  SCV  
  59  4:59  Supply Depot  
  60  5:01  Stimpack  
  60  5:03  SCV  
  60  5:05  Marine, SCV  
  63  5:07  Marine  
  64  5:15  SCV  
  64  5:17  SCV  
  64  5:20  Supply Depot  
  64  5:23  Siege Tank  
  64  5:27  SCV  
  64  5:28  Refinery  
  68  5:30  SCV  
  68  5:34  Supply Depot  
  68  5:35  Barracks Tech Lab, Starport Reactor  
  69  5:38  Marine x3  
  69  5:40  SCV  
  73  5:45  SCV  
  74  5:53  SCV  
  74  5:55  Marine  
  76  5:57  Marine, Combat Shield, Marauder x2  
  76  5:59  SCV  
  76  6:00  Siege Tank  
  85  6:05  SCV  
  85  6:07  Supply Depot  
  86  6:11  SCV  
  86  6:13  Marine  
  86  6:15  Supply Depot, Medivac  
  86  6:16  Medivac  
  92  6:22  Supply Depot, Marauder  
  94  6:29  Marine, Marauder  
  94  6:31  Marine  
  94  6:32  Supply Depot  
  98  6:33  Supply Depot  
  96  6:41  Concussive Shells, Siege Tank  
  96  6:43  Marauder  
  101  6:49  Marine x2  
  101  6:51  Marauder  
  105  6:59  SCV  
  106  7:05  Marauder  
  106  7:06  Marine  
  106  7:07  Marine  
  110  7:12  Marauder  
  110  7:13  Command Center  
  112  7:18  Siege Tank  
  113  7:23  SCV  
  113  7:28  SCV  
Show
View Real Time Build Order
Export as new Build Order

Neeb Protoss 

Build Orders: 1 Gate Expand, Blink Stalkers 

Get SALT Encoding   

  12  0:00  Probe  
  13  0:12  Probe  
  14  0:17  Pylon  
  14  0:24  Probe (Chrono Boost)  
  16  0:36  Gateway, Probe (Chrono Boost)  
  16  0:43  Probe (Chrono Boost)  
  16  0:45  Assimilator  
  17  0:51  Probe  
  18  1:03  Probe  
  19  1:15  Probe  
  20  1:24  Cybernetics Core  
  20  1:31  Nexus  
  20  1:37  Zealot (Chrono Boost)  
  22  1:43  Pylon  
  23  1:47  Probe  
  23  1:54  Assimilator  
  23  2:01  Probe  
  23  2:02  Stalker (Chrono Boost)  
  25  2:10  Warp Gate  
  25  2:13  Probe  
  26  2:18  Shield Battery  
  26  2:25  Stalker (Chrono Boost), Probe  
  29  2:34  Shield Battery  
  29  2:38  Probe  
  31  2:47  Stalker (Chrono Boost)  
  31  2:50  Probe  
  33  2:52  Probe  
  34  3:00  Twilight Council  
  34  3:03  Probe  
  35  3:06  Probe  
  36  3:13  Stalker  
  36  3:16  Probe  
  39  3:20  Probe  
  36  3:28  Probe  
  36  3:29  Blink (Chrono Boost)  
  36  3:33  Probe  
  38  3:40  Probe  
  39  3:45  Probe  
  40  3:48  Gateway  
  40  3:52  Robotics Facility  
  40  3:53  Probe  
  41  3:57  Probe  
  41  4:00  Pylon  
  42  4:06  Probe  
  42  4:09  Stalker, Probe  
  46  4:18  Probe  
  46  4:23  Probe  
  48  4:30  Probe  
  47  4:35  Probe  
  41  4:40  Observer  
  41  4:41  Nexus  
  41  4:42  Probe  
  43  4:47  Probe  
  43  4:50  Stalker  
  46  4:52  Stalker  
  46  4:55  Probe  
  46  4:59  Probe  
  50  5:07  Probe  
  51  5:11  Probe  
  52  5:19  Probe  
  51  5:23  Stalker  
  51  5:24  Probe  
  51  5:27  Pylon  
  51  5:28  Pylon  
  54  5:39  Forge  
  54  5:40  Robotics Bay  
  54  5:43  Assimilator  
  54  5:45  Probe x2  
  54  5:49  Stalker  
  51  5:53  Stalker  
  51  5:54  Probe  
  55  5:57  Probe x2  
  56  6:07  Probe  
  57  6:12  Probe  
  57  6:13  Probe  
  57  6:14  Charge (Chrono Boost)  
  59  6:19  Probe  
  59  6:22  Gateway  
  59  6:24  Gateway, Probe  
  61  6:28  Pylon, Probe  
  61  6:31  Probe  
  63  6:39  Probe  
  64  6:41  Probe  
  64  6:43  Probe  
  66  6:48  Immortal (Chrono Boost)  
  66  6:52  Probe  
  69  6:54  Sentry, Zealot  
  73  7:05  Shield Battery  
  73  7:11  Gateway  
  73  7:12  Gateway  
  73  7:21  Stalker x4  
Tags
 
Add a new tag
Caveats
  • Supply blocks, unpowered buildings, or Contaminate may cause inaccurate times.
  • Supply counts are checked every 10 seconds.